 Seeded DCSS version 0.29-a0-1047-g7c58e119a4 (webtiles) character file.

Game seed: 16325529221887051656 (custom seed)

8509 hikkokomori the Grappler (level 11, -8/109 HPs)
             Began as a Troll Gladiator on Aug 17, 2022.
             Was a High Priest of Okawaru.
             Mangled by a brown ugly thing (12 damage)
             ... on level 10 of the Dungeon.
             The game lasted 00:33:57 (7592 turns).

hikkokomori the Grappler (Troll Gladiator)          Turns: 7592, Time: 00:33:58

Health: -8/109     AC:  2    Str: 26    XL:     11   Next: 10%
Magic:  10/10      EV: 16    Int: 11    God:    Okawaru [*****.]
Gold:   286        SH:  0    Dex: 11    Spells: 2/10 levels left

rFire   + . .      SeeInvis +     - Unarmed
rCold   . . .      Faith    .   (no shield)
rNeg    . . .      Spirit   .   K - +1 robe {rF+}
rPois   .          Reflect  .   b - +0 hat
rElec   +          Harm     .   F - +0 cloak
rCorr   .          Rampage  .   (gloves unavailable)
Will    .....                   (boots unavailable)
Stlth   +.........              j - amulet of Doac Uco {Regen+ Str+2 Int+3}
HPRegen 1.88/turn               k - ring of Cheibriados's Regard {rElec EV+4}
MPRegen 0.12/turn               e - ring of see invisible

@: corroded
A: large, unfitting armour, claws 3, regeneration 1, shaggy fur 1, tough skin 1
a: Renounce Religion, Heroism, Finesse, Duel


You were on level 10 of the Dungeon.
You worshipped Okawaru.
Okawaru was extremely pleased with you.
You visited 2 branches of the dungeon, and saw 11 of its levels.

You collected 1728 gold pieces.
You spent 1442 gold pieces at shops.

Inventory:

Hand Weapons
 L - the +4 dagger of Distant Shores {elec, rPois rC++ rN+}
   (You found it on level 9 of the Dungeon)

   It occasionally discharges a powerful burst of electricity upon striking a
   foe.
   rC:        It greatly protects you from cold.
   rPois:     It protects you from poison.
   rN:        It protects you from negative energy.
Missiles
 c - 5 throwing nets (quivered)
 f - 38 stones
 y - 13 large rocks
 O - a curare-tipped dart
 R - 4 silver javelins
 S - 3 atropa-tipped darts
 U - 6 poisoned darts
Armour
 a - a +0 robe
 b - a +0 hat (worn)
 F - a +0 cloak (worn)
 K - a +1 robe of fire resistance (worn)
 W - +0 steam dragon scales
Magical Staves
 t - a staff of earth
Jewellery
 e - a ring of see invisible (right claw)
 j - the amulet of Doac Uco (around neck) {Regen+ Str+2 Int+3}
   (You acquired it on level 2 of the Dungeon)

   [amulet of regeneration]

   Str:       It affects your strength (+2).
   Int:       It affects your intelligence (+3).
   Regen:     It increases your rate of health regeneration.
 k - the ring of Cheibriados's Regard (left claw) {rElec EV+4}
   (You acquired it on level 2 of the Dungeon)

   [ring of evasion]

   EV:        It affects your evasion (+4).
   rElec:     It insulates you from electricity.
 q - a ring of resist corrosion
 r - a ring of magical power
 M - the amulet "Doxkuogo" {RegenMP Dex+5}
   (You found it on level 7 of the Dungeon)

   [amulet of magic regeneration]

   It increases your rate of magic regeneration.
   Dex:       It affects your dexterity (+5).
 N - a ring of willpower
Wands
 d - a wand of flame (33)
 Q - a wand of polymorph (6)
Scrolls
 i - 4 scrolls of enchant weapon
 m - 2 scrolls of fog {unknown}
 s - 3 scrolls of poison
 u - a scroll of fear {unknown}
 v - a scroll of blinking
 w - 2 scrolls of amnesia {unknown}
 x - a scroll of summoning
 A - 5 scrolls of magic mapping {unknown}
 C - 2 scrolls of torment {unknown}
 D - 4 scrolls of teleportation
 E - a scroll of brand weapon {unknown}
 G - 3 scrolls of noise
 H - 2 scrolls of immolation {unknown}
 I - 2 scrolls of vulnerability {unknown}
 P - a scroll of enchant armour {unknown}
 V - 2 scrolls of identify
Potions
 g - 4 potions of might
 h - 4 potions of brilliance
 l - 2 potions of magic
 n - 3 potions of cancellation
 o - a potion of degeneration
 p - a potion of lignification
 z - 2 potions of attraction
 B - a potion of ambrosia
 J - 3 potions of heal wounds
Miscellaneous
 T - a lightning rod (4/4)


   Skills:
 + Level 7.2 Fighting
 - Level 7.0 Throwing
 + Level 7.5 Dodging
 + Level 9.0 Unarmed Combat
 + Level 4.1 Transmutations


You had 2 spell levels left.
You knew the following spells:

 Your Spells              Type           Power      Damage    Failure   Level
a - Necrotise             Necr           0%         1d4       34%         1
b - Ensorcelled Hibernat  Hex/Ice        0%         N/A       47%         2
c - Wereblood             Tmut           9%         N/A       10%         2
d - Beastly Appendage     Tmut           18%        N/A       7%          1
e - Blink                 Tloc           0%         N/A       47%         2

Your spell library contained the following spells:

 Spells                   Type           Power      Damage    Failure   Level
 Apportation              Tloc           0%         N/A       34%         1
 Freeze                   Ice            0%         1d3       34%         1
 Magic Dart               Conj           0%         1d3       34%         1
 Slow                     Hex            0%         N/A       34%         1
 Sublimation of Blood     Necr           0%         N/A       47%         2
 Spider Form              Tmut/Pois      4%         N/A       43%         3
 Confusing Touch          Hex            0%         N/A       71%         3
 Frozen Ramparts          Ice            0%         1d1       71%         3
 Mephitic Cloud           Conj/Pois/Air  0%         N/A       71%         3
 Vampiric Draining        Necr           0%         2d6       71%         3
 Petrify                  Tmut/Erth      4%         N/A       83%         4
 Anguish                  Hex/Necr       0%         N/A       98%         4
 Hailstorm                Conj/Ice       0%         3d3       98%         4
 Irradiate                Conj/Tmut      2%         3d12      99%         5
 Freezing Cloud           Conj/Ice/Air   0%         6-21      100%        5
 Manifold Assault         Tloc           0%         N/A       100%        5
 Storm Form               Tmut/Air       2%         N/A       100%        7
 Polar Vortex             Ice            0%         N/A       100%        9
 Summon Small Mammal      Summ           Unusable   N/A       N/A         1
 Call Imp                 Summ           Unusable   N/A       N/A         2
 Simulacrum               Ice/Necr       Unusable   N/A       N/A         6

Dungeon Overview and Level Annotations

Branches:
Dungeon (10/15)            Temple (1/1) D:6            Lair (0/5) D:10
    Orc: D:9-12

Altars:
Ashenzari
Cheibriados
Dithmenos
Elyvilon
Fedhas
Gozag
Hepliaklqana
Makhleb
Nemelex Xobeh
Okawaru
Qazlal
Ru
Sif Muna
Trog
Uskayaw
Vehumet
Wu Jian
Xom
Yredelemnul
Zin
The Shining One

Shops:
D:7 =(:[[

Annotations:
D:5 2 transporters, xian's ghost, amateur BaIE
D:6 3 runed translucent doors, drugrobin's ghost, novice DgFi
D:7 2 transporters


Innate Abilities, Weirdness & Mutations

You are too large for most types of armour.
You have claws for hands.
Your natural rate of healing is unusually fast.
You are covered in fur. (AC +1)
You have tough skin. (AC +1)


Message History

The brown ugly thing is moderately wounded.
The brown ugly thing closely misses you.
You mangle the brown ugly thing!!
The brown ugly thing is heavily wounded.
The brown ugly thing claws you. The acid corrodes you!
You are splashed with acid!
You scratch the brown ugly thing.
The brown ugly thing is heavily wounded.
The brown ugly thing claws you!
You are splashed with acid!
You barely miss the brown ugly thing.
The brown ugly thing is heavily wounded.
The brown ugly thing closely misses you.
You scratch the brown ugly thing.
The brown ugly thing is severely wounded.
You mangle the brown ugly thing!!
The brown ugly thing is almost dead.
The brown ugly thing misses you. The troll misses you.
The troll barely misses you. The troll claws you.
You completely miss the brown ugly thing.
The brown ugly thing is almost dead.
The brown ugly thing claws you. The acid corrodes you!
You are splashed with acid!
The troll closely misses you. x2
The troll claws you!
You barely miss the brown ugly thing.
The brown ugly thing is almost dead.
The brown ugly thing closely misses you.
The troll misses you. The troll completely misses you. The troll claws you!
You closely miss the brown ugly thing.
The brown ugly thing is almost dead.
The brown ugly thing claws you.
You are splashed with acid!
You closely miss the brown ugly thing.
The brown ugly thing is almost dead.
The troll bites you!!
* * * LOW HITPOINT WARNING * * *
The troll claws you!
* * * LOW HITPOINT WARNING * * *
The troll claws you.
* * * LOW HITPOINT WARNING * * *
The brown ugly thing claws you!
You die...

#.# #.## ..... ##.##
...# ..... #...# ...##
... ##...##
...[####'### .....#
...###.....###....##
...#.#.....#.#.....#
..##.##...##.##Tu..##
))))..'...'...'.@...#
)##...##.##...##...!#
.#.....#.#.....#.....#
####'###'###'#########
.#)....#.# ...
.##...##.##...#
.†')..'...#...'
..##.##...##.##.
...#.# ....#


You could see a brown ugly thing and a troll.

Vanquished Creatures
  A two-headed ogre (D:10)
  A kobold demonologist (D:9)
  2 unseen horror zombies (D:9)
  A wraith (D:10)
  2 wyverns
  15 yaks
  Eustachio (D:5)
  4 steam dragons
  2 acid dragons
  A water moccasin (D:7)
  An orc warrior (D:10)
  An ice beast (D:6)
  A sky beast (D:6)
  2 ogres (D:5)
  3 centaurs
  A phantom (D:6)
  3 kobold brigands
  2 bullfrogs
  A gnoll sergeant (D:10)
  2 scorpions
  A necrophage (D:7)
  A wyvern zombie (D:9)
  12 wights
  10 killer bees
  5 howler monkeys
  3 hounds
  Crazy Yiuf (D:5)
  3 orc priests
  A jelly (D:5)
  Jessica (D:3)
  A gnoll bouda (D:7)
  4 iguanas
  4 orc wizards
  Terence (D:2)
  A centaur simulacrum (D:10)
  17 gnolls
  7 adders
  2 shadow imps
  3 white imps
  2 worms (D:4)
  7 dart slugs
  13 orcs
  6 endoplasms
  2 giant cockroaches (D:3)
  3 goblins
  6 hobgoblins
  6 jackals
  13 kobolds
  2 quokkas
  13 bats
  4 frilled lizards
  5 rats
207 creatures vanquished.

Vanquished Creatures (collateral kills)
  A hound (D:6)
1 creature vanquished.

Vanquished Creatures (others)
  A gnoll bouda (D:10)
  An orc wizard (D:10)
  A bat (D:4)
  17 plants (D:9)
  3 withered plants (D:9)
23 creatures vanquished.

Grand Total: 231 creatures vanquished

Notes
Turn   | Place    | Note
-------+----------+-------------------------------------------
     0 | D:1      | hikkokomori the Troll Gladiator began the quest for the
                  | Orb.
     0 | D:1      | Reached XP level 1. HP: 19/19 MP: 0/0
   110 | D:1      | Reached XP level 2. HP: 23/28 MP: 1/1
   771 | D:2      | Identified 3 scrolls of acquirement
   771 | D:2      | Acquired the amulet of Doac Uco {Regen+ Str+2 Int+3}
   778 | D:2      | Acquired the ring of Cheibriados's Regard {rElec EV+4}
   829 | D:2      | Reached XP level 3. HP: 35/35 MP: 2/2
   832 | D:2      | Found a blossoming altar of Fedhas.
   886 | D:2      | Found a faded altar of an unknown god.
   894 | D:2      | Noticed Terence
   906 | D:2      | Killed Terence
  1316 | D:3      | Reached XP level 4. HP: 42/42 MP: 3/3
  1733 | D:3      | Reached XP level 5. HP: 49/50 MP: 4/4
  1742 | D:3      | Found a broken altar of Ashenzari.
  1857 | D:3      | Noticed Jessica
  1864 | D:3      | Killed Jessica
  1925 | D:4      | Reached skill level 4 in Unarmed Combat
  2153 | D:4      | Reached XP level 6. HP: 60/61 MP: 5/5
  2306 | D:4      | Found a radiant altar of Vehumet.
  2902 | D:5      | Entered Level 5 of the Dungeon
  2908 | D:5      | Reached XP level 7. HP: 62/67 MP: 6/6
  2949 | D:5      | Learned a level 1 spell: Necrotise
  2952 | D:5      | Learned a level 2 spell: Ensorcelled Hibernation
  2976 | D:5      | Found a transporter.
  2976 | D:5      | Noticed xian's ghost (amateur BaIE)
  3057 | D:5      | Found a transporter.
  3066 | D:5      | Noticed Eustachio
  3152 | D:5      | Killed Eustachio
  3153 | D:5      | Reached skill level 5 in Unarmed Combat
  3568 | D:5      | Found a runed translucent door.
  3569 | D:5      | Noticed Crazy Yiuf
  3690 | D:5      | Killed Crazy Yiuf
  3857 | D:6      | Reached XP level 8. HP: 78/78 MP: 7/7
  3970 | D:6      | Reached skill level 5 in Throwing
  3970 | D:6      | Reached skill level 6 in Unarmed Combat
  3979 | D:6      | Reached skill level 5 in Dodging
  4086 | D:6      | Found a hazy altar of Hepliaklqana.
  4314 | D:6      | Found a runed translucent gate.
  4314 | D:6      | Noticed drugrobin's ghost (novice DgFi)
  4318 | D:6      | Found a runed translucent gate.
  4319 | D:6      | Found a runed translucent gate.
  4479 | D:6      | Reached skill level 5 in Fighting
  4564 | D:6      | Found a staircase to the Ecumenical Temple.
  4895 | Temple   | Entered the Ecumenical Temple
  4901 | Temple   | Became a worshipper of Warmaster Okawaru
  4968 | D:7      | Found a transporter.
  4978 | D:7      | Reached XP level 9. HP: 88/88 MP: 8/8
  5034 | D:7      | Found Zyken's Antique Weapon Emporium.
  5135 | D:7      | Found Koawa's Armour Boutique.
  5144 | D:7      | Found Ileatutt's Antique Armour Boutique.
  5151 | D:7      | Found a transporter.
  5157 | D:7      | Bought a runed robe for 114 gold pieces
  5216 | D:7      | Reached * piety under Okawaru
  5219 | D:7      | Found an ornate altar of the Wu Jian Council.
  5257 | D:7      | Identified the amulet "Doxkuogo" {RegenMP Dex+5}
  5281 | D:7      | Found Woareh's Book Boutique.
  5286 | D:7      | Bought a book of Changes for 252 gold pieces
  5289 | D:7      | Learned a level 2 spell: Wereblood
  5291 | D:7      | Learned a level 1 spell: Beastly Appendage
  5488 | D:7      | Found Satimuta's Jewellery Emporium.
  5617 | D:7      | Acquired 1164 gold pieces
  5687 | D:7      | Bought an Inescapable Atlas for 476 gold pieces
  5690 | D:7      | Learned a level 2 spell: Blink
  5737 | D:7      | Bought a ring of see invisible for 225 gold pieces
  5737 | D:7      | Bought a ring of willpower for 375 gold pieces
  5759 | D:8      | Reached skill level 7 in Unarmed Combat
  5798 | D:8      | Found a basalt altar of Yredelemnul.
  5830 | D:8      | Reached skill level 1 in Transmutations
  5935 | D:8      | Reached ** piety under Okawaru
  6042 | D:8      | Reached XP level 10. HP: 87/98 MP: 7/9
  6043 | D:8      | Reached *** piety under Okawaru
  6265 | D:8      | Found a sparkling altar of Nemelex Xobeh.
  6442 | D:9      | Reached skill level 8 in Unarmed Combat
  6655 | D:9      | Reached **** piety under Okawaru
  6924 | D:9      | Identified the +4 dagger of Distant Shores {elec, rPois
                  | rC++ rN+}
  7177 | D:10     | Entered Level 10 of the Dungeon
  7225 | D:10     | Found a staircase to the Lair.
  7456 | D:10     | Noticed a two-headed ogre
  7467 | D:10     | Killed a two-headed ogre
  7467 | D:10     | Reached ***** piety under Okawaru
  7467 | D:10     | Received a gift from Okawaru
  7468 | D:10     | Reached XP level 11. HP: 87/109 MP: 8/10
  7512 | D:10     | Reached skill level 9 in Unarmed Combat
  7516 | D:10     | Received a gift from Okawaru
  7580 | D:10     | Noticed a brown ugly thing
  7592 | D:10     | HP: 4/109 [troll (6)]
  7592 | D:10     | Mangled by a brown ugly thing

Illustrated notes

Levels and vault maps discovered:
D:1:      dpeg_arrival_shrine, layout_basic, minmay_ruptured
D:2:      layout_basic, hellmonk_ecumenical_altar_pennies_from_heaven,
          basic_altar, uniq_terence
D:3:      layout_loops_ring, mainiacjoe_overflow_boulevard,
          wander_ebering_terrifying_dragon_lair, uniq_jessica
D:4:      layout_loops_ring, fiery_altar_vehumet, roderic_batcave
D:5:      layout_loops_cross, gammafunk_ghost_arena, chequers_jeans,
          small_statue_intersection, uniq_crazy_yiuf_cottage, uniq_eustachio
D:6:      layout_basic, amcnicky_altar_gilded, temple_hall,
          biasface_ghost_orc_armoury
D:7:      gammafunk_steamed_eel, layout_basic, nicolae_wu_jian_wuxing_cycle,
          serial_shops, nicolae_shop_crystal, shop, nicolae_shop_stone, shop,
          kennysheep_mini_moat
D:8:      layout_gridville, lemuel_crystal_altar, nicolae_overflow_hidden_temple
D:9:      layout_basic, serial_undead, serial_undead_b, serial_undead_b,
          serial_undead_c, serial_undead_f, serial_bayou_ford_a
D:10:     nicolae_hexawheel, layout_layer_cave, lair_entry_dummy,
          minmay_orc_entry_guard_dogs
Temple:   hellmonk_temple_two_chambers

Skill      XL: |  1  2  3  4  5  6  7  8  9 10 11 |
---------------+----------------------------------+-----
Throwing       | 2 3 4 5 6 7 |  7.0
Fighting       | 2 3 4 5 6 7 |  7.2
Dodging        | 3 4 5 6 7 |  7.5
Unarmed Combat | 4 5 6 7 8 9 |  9.0
Transmutations | 2 4 |  4.1

Action                   |  1- 3 |  4- 6 |  7- 9 | 10-12 || total
-------------------------+-------+-------+-------+-------++-------
Melee: Unarmed           |   105 |   137 |   278 |   221 ||   741
       Punch             |     1 |     5 |     5 |    13 ||    24
       Kick              |       |       |     4 |     2 ||     6
       Headbutt          |       |       |     3 |     3 ||     6
Throw: Large rock        |       |     2 |     2 |       ||     4
       Throwing net      |       |     1 |       |       ||     1
       Stone             |       |       |     4 |       ||     4
       Dart              |       |       |       |     1 ||     1
 Cast: Beastly Appendage |       |       |     2 |     1 ||     3
       Wereblood         |       |       |       |     6 ||     6
Invok: Heroism           |       |       |     1 |     1 ||     2
Evoke: Wand              |       |     2 |     1 |       ||     3
  Use: Scroll            |     2 |       |    11 |     1 ||    14
       Potion            |       |     1 |     4 |     2 ||     7
 Stab: Invisible         |       |       |       |     2 ||     2
Armor: Robe              |    59 |    12 |    60 |    64 ||   195
Dodge: Dodged            |    77 |    91 |   224 |   255 ||   647

Table legend: (Time is in decaauts)
 A = Elapsed time spent in this place.
 B = Non-inter-level travel time spent in this place.
 C = Inter-level travel time spent in this place.
 D = Time resting spent in this place.
 E = Time spent auto-exploring this place.
 F = Levels seen in this place.
 G = Mean time per level.
                   A        B        C        D        E       F      G
               +--------+--------+--------+--------+--------+-----+--------+
         Total |   7527 |   6958 |    569 |    120 |   4397 |  11 |  684.3 |
       Dungeon |   7500 |   6931 |    569 |    120 |   4397 |  10 |  750.0 |
        Temple |     26 |     26 |      0 |      0 |      0 |   1 |   26.0 |
               +--------+--------+--------+--------+--------+-----+--------+

Top non-repeatable levels by time:
     D:6: 1119 daAuts
     D:4: 971 daAuts
     D:5: 882 daAuts
     D:7: 801 daAuts
     D:1: 768 daAuts
     D:9: 732 daAuts
     D:8: 677 daAuts
     D:3: 674 daAuts
     D:2: 473 daAuts
    D:10: 399 daAuts
  Temple: 26 daAuts
